 Dungeon Crawl Stone Soup version 0.20.0-10-g0535bb4 (webtiles) character file.

145 grindst0ne the Sneak (level 5, -13/34 HPs)
             Began as an Octopode Assassin on June 7, 2017.
             Was an Initiate of Ru.
             Mangled by Edmund
             ... wielding a +3 dire flail of draining
              (15 damage)
             ... on level 4 of the Dungeon.
             The game lasted 00:05:52 (2774 turns).

grindst0ne the Sneak (Octopode Assassin)            Turns: 2774, Time: 00:05:53

Health: -13/34     AC:  1    Str: 11    XL:     5   Next: 27%
Magic:  5/5        EV: 12    Int: 13    God:    Ru [......]
Gold:   200        SH:  0    Dex: 14    Spells: 4/4 levels left

rFire    . . .     SeeInvis .   a - +2 dagger
rCold    . . .     Gourm    .   (no shield)
rNeg     . . .     Faith    .   (helmet restricted)
rPois    .         Spirit   .   (no amulet)
rElec    .         Reflect  .   i - ring of stealth
rCorr    .         Harm     .   (no ring)
MR       .....                  (no ring)
Stlth    +++++.....             (no ring)
Regen    0.2/turn               (no ring)
MPRegen  0.1/turn               (no ring)
                                (no ring)
                                (no ring)

@: drained
A: almost no armour, stealthy swim, amphibious, 8 rings, constrict 8, camouflage
1, gelatinous body 1
a: Renounce Religion


You were on level 4 of the Dungeon.
You worshipped Ru.
Ru was noncommittal.
You were hungry.

You visited 2 branches of the dungeon, and saw 5 of its levels.

You collected 200 gold pieces.

Inventory:

Hand Weapons
 a - a +2 dagger (weapon)
 b - a +0 blowgun
 l - a cursed -1 hunting sling
Missiles
 c - 8 poisoned needles
 d - 2 curare-tipped needles
Armour
 q - a +0 shield
Jewellery
 i - a ring of stealth (left tentacle)
Wands
 t - a wand of digging (11/24)
Scrolls
 e - 5 scrolls of remove curse {unknown}
 g - a scroll of fog {unknown}
 h - 5 scrolls of identify {unknown}
 k - a scroll of blinking {unknown}
 m - a scroll of magic mapping {unknown}
 p - a scroll of teleportation {unknown}
 s - a scroll of enchant armour {unknown}
 u - a scroll of noise {unknown}
Potions
 j - a potion of berserk rage {unknown}
 n - 2 potions of ambrosia {unknown}
 o - a potion of brilliance {unknown}
 r - a potion of haste {unknown}
 v - a potion of curing {unknown}
Comestibles
 f - 3 bread rations


   Skills:
 - Level 2.0(1.0) Fighting
 + Level 4.0(2.9) Short Blades
 - Level 2.0(1.0) Throwing
 - Level 1.0(0.0) Dodging
 + Level 7.3(6.2) Stealth


You had 4 spell levels left.
You didn't know any spells.

Dungeon Overview and Level Annotations

Branches:
Dungeon (4/15)             Temple (1/1) D:4

Altars:
Ashenzari
Cheibriados
Dithmenos
Elyvilon
Fedhas
Gozag
Hepliaklqana
Kikubaaqudgha
Makhleb
Nemelex Xobeh
Okawaru
Qazlal
Ru
Sif Muna
Trog
Uskayaw
Vehumet
Xom
Yredelemnul
Zin
The Shining One

Annotations:
D:4 1 runed door, 1 exclusion, Edmund, Sigmund


Innate Abilities, Weirdness & Mutations

You cannot wear most types of armour.
You are very stealthy in the water. (Stealth+)
You are amphibious.
You can wear up to eight rings at the same time.
You can use your tentacles to constrict eight enemies at once.
Your skin changes colour to match your surroundings (Stealth+).
Your rubbery body absorbs attacks. (AC +1, EV +1)


Message History

You feel drained.
You barely miss Edmund. You squeeze Edmund, but do no damage.
Edmund is almost dead.
You constrict Edmund, but do no damage. You hit Edmund but do no damage.
Edmund is almost dead.
You constrict Edmund, but do no damage.
Edmund hits you with a dire flail of draining!
You feel drained.
You hit Edmund. You squeeze Edmund, but do no damage.
Edmund is almost dead.
You constrict Edmund.
Edmund hits you with a dire flail of draining!
* * * LOW HITPOINT WARNING * * *
You feel drained.
* * * LOW HITPOINT WARNING * * *
You release your grip on Edmund.
The worker ant waves its antennae.
Edmund hits you with a dire flail of draining!
You die...

........#####⌠.⌠#####.
........# ###'### ........#
###.### ........# #.#
##.###### #...#.#.# ###
#.#.#... .... #.#.#.##.....
..... #.#.@........
..........#.###@#######
...........#.#..a.#
...........#.#.#..#
...........#.#.#..####
.............#.....+.## ###
......................####.+
..(....................#..##
...............###.+..#.###


You could see Edmund and a worker ant.

Vanquished Creatures
  2 orc wizards (D:3)
  2 adders
  A worm (D:3)
  2 dart slugs
  2 leopard geckos (D:1)
  5 orcs
  3 giant cockroaches (D:1)
  7 goblins
  2 hobgoblins (D:3)
  4 jackals (D:3)
  3 quokkas (D:3)
  4 ball pythons
  8 bats
  5 frilled lizards
  6 kobolds
  11 rats
67 creatures vanquished.

Notes
Turn   | Place    | Note
-------+----------+-------------------------------------------
     0 | D:1      | grindst0ne the Octopode Assassin began the quest for the Orb.
     0 | D:1      | Reached XP level 1. HP: 14/14 MP: 1/1
   118 | D:1      | Reached XP level 2. HP: 18/19 MP: 2/2
   395 | D:1      | Found a shimmering altar of Xom.
   496 | D:1      | Reached skill level 6 in Stealth
   640 | D:1      | Reached XP level 3. HP: 24/24 MP: 3/3
  1145 | D:2      | Found a glowing golden altar of the Shining One.
  1442 | D:3      | Reached XP level 4. HP: 29/29 MP: 4/4
  2196 | D:3      | Reached skill level 7 in Stealth
  2196 | D:3      | Reached XP level 5. HP: 27/34 MP: 5/5
  2530 | D:4      | Noticed Sigmund
  2560 | D:4      | Found a staircase to the Ecumenical Temple.
  2565 | Temple   | Entered the Ecumenical Temple
  2660 | Temple   | Became a worshipper of Ru the Awakened
  2715 | D:4      | Found a runed door.
  2731 | D:4      | Noticed Edmund
  2761 | D:4      | HP: 1/34 [Edmund/dire flail of draining (3)]
  2774 | D:4      | Mangled by Edmund

Skill      XL: |  1  2  3  4  5 |
---------------+----------------+-----
Stealth        | 6 7 |  7.3
Short Blades   | 3 4 |  4.0
Fighting       | |  2.0
Throwing       | |  2.0
Dodging        | |  1.0

Action                   |  1- 3 |  4- 6 || total
-------------------------+-------+-------++-------
Melee: Dagger            |    70 |    62 ||   132
       Constrict         |    17 |    13 ||    30
       Tentacles         |    11 |    10 ||    21
 Stab: Sleeping          |    16 |     4 ||    20
  Eat: Chunk             |     2 |     3 ||     5
Armor: Skin              |     6 |     8 ||    14
Dodge: Dodged            |    47 |    32 ||    79
